 Dungeon Crawl Stone Soup version 0.27-a0-1281-ge233d83751 (webtiles) character file.

Game seed: 15400916755984827182

57 Azzok the Chopper (level 3, -1/29 HPs)
             Began as a Demonspawn Berserker on June 13, 2021.
             Was a Follower of Trog.
             Slain by a gnoll (2 damage)
             ... on level 2 of the Dungeon.
             The game lasted 00:01:15 (1341 turns).

Azzok the Chopper (Demonspawn Berserker)            Turns: 1341, Time: 00:01:16

Health: -1/29      AC:  8    Str: 18    XL:     3   Next: 73%
Magic:  3/3        EV: 10    Int:  8    God:    Trog [*.....]
Gold:   0          SH:  0    Dex: 12    Spells: 2/2 levels left

rFire    . . .     SeeInvis .   a - +0 hand axe
rCold    . . .     Faith    .   (no shield)
rNeg     . . .     Spirit   .   c - +0 scale mail
rPois    .         Reflect  .   (helmet restricted)
rElec    .         Harm     .   (no cloak)
rCorr    .         Rampage  .   (no gloves)
Will     .....                  (no boots)
Stlth    ..........             (no amulet)
HPRegen  0.09/turn              (no ring)
MPRegen  0.08/turn              (no ring)

@: on berserk cooldown, slowed, very slow
A: horns 1, slimy green scales 1
a: Renounce Religion, Berserk


You were on level 2 of the Dungeon.
You worshipped Trog.
Trog was aware of your devotion.
You visited 1 branch of the dungeon, and saw 2 of its levels.

Inventory:

Hand Weapons
 a - a +0 hand axe (weapon)
Armour
 b - a +0 animal skin
 c - a +0 scale mail (worn)
Scrolls
 d - a scroll of brand weapon {unknown}
 e - a scroll of identify {unknown}
Potions
 f - a potion of curing {unknown}


   Skills:
 - Level 3.0 Fighting
 + Level 4.3 Axes
 - Level 1.7 Armour
 - Level 1.7 Dodging


You had 2 spell levels left.
You didn't know any spells.
Your spell library was empty.

Dungeon Overview and Level Annotations

Branches:
Dungeon (2/15)

Altars:


Innate Abilities, Weirdness & Mutations

You have a pair of small horns on your head.
You are partially covered in slimy green scales. (AC +2)


Message History

The gnoll is heavily wounded.
You hit the gnoll. You closely miss the rat.
The gnoll hits you from afar with a +0 spear of distortion.
Space bends around you. The gnoll hits you but does no damage.
The rat barely misses you.
You closely miss the gnoll. You headbutt the gnoll.
The gnoll is severely wounded.
You hit the rat.
You kill the rat!
Trog accepts your kill.
You closely miss the gnoll. The gnoll barely misses you.
The gnoll hits you from afar with a +0 spear of distortion.
Space bends around you.
You slash the gnoll!
You kill the gnoll!
Trog accepts your kill.
You slash the gnoll!
The gnoll hits you but does no damage. x2; You blink.
Found a hand axe.
You are no longer berserk.
You are exhausted.
You feel yourself slow down. The gnoll closely misses you.
The gnoll misses you. The gnoll hits you but does no damage.
Space warps horribly around you!
* * * LOW HITPOINT WARNING * * *
You hit the gnoll. Your headbutt misses the gnoll.
The gnoll is heavily wounded.
You hit the gnoll. The gnoll closely misses you. The gnoll misses you.
The gnoll closely misses you.
You hit the gnoll. Your headbutt misses the gnoll.
The gnoll is severely wounded.
You hit the gnoll.
You kill the gnoll!
Trog accepts your kill. The gnoll hits you but does no damage.
You blink.
The gnoll hits you with a +0 spear of distortion.
* * * LOW HITPOINT WARNING * * *
You completely miss the gnoll.
The gnoll is severely wounded.
The gnoll hits you with a +0 spear of distortion.
You die...

·▒▒ ··▒ ▒·▒▒▒▒
▒····▒▒▒▒▒
╬········)
╬··········▒
▒··)·······▒
▒▒··········▒
▒·@·!·······▒
▒·g·········▒
▒▒···········▒
▒·········▒▒ ·▒
▒▒···)·····▒▒▒▒ ·
······†·········> ▒
▒·
▒▒▒▒·········▒▒▒▒▒
·▒·▒·▒▒▒▒▒·········▒
··········▒▒▒▒▒▒▒▒▒▒


You could see a gnoll.

Vanquished Creatures
  2 gnolls (D:2)
  3 dart slugs
  2 bats (D:2)
  9 endoplasms (D:1)
  2 goblins (D:1)
  A quokka (D:1)
  5 ball pythons (D:1)
  4 frilled lizards
  4 rats
32 creatures vanquished.

Notes
Turn   | Place    | Note
-------+----------+-------------------------------------------
     0 | D:1      | Azzok the Demonspawn Berserker began the quest for the Orb.
     0 | D:1      | Reached XP level 1. HP: 18/18 MP: 1/1
   202 | D:1      | Reached skill level 3 in Axes
   254 | D:1      | Gained mutation: You are partially covered in slimy green
                  | scales. (AC +2) [demonic ancestry]
   254 | D:1      | Reached XP level 2. HP: 17/24 MP: 2/2
   950 | D:1      | Gained mutation: You have a pair of small horns on your
                  | head. [demonic ancestry]
   950 | D:1      | Reached XP level 3. HP: 29/29 MP: 3/3
  1219 | D:2      | Reached skill level 4 in Axes
  1340 | D:2      | HP: 1/29 [gnoll (5)]
  1341 | D:2      | Slain by a gnoll

Illustrated notes

Levels and vault maps discovered:
D:1:      dpeg_arrival_rooms_b, layout_basic, minmay_misc_feat_alley,
          minmay_close_crescents
D:2:      layout_basic, serial_shops, nicolae_shop_stone,
          kennysheep_generic_room_3, uniq_sigmund

Skill      XL: |  1  2  3 |
---------------+----------+-----
Axes           | 3 4 |  4.3
Fighting       | |  3.0
Armour         | |  1.7
Dodging        | |  1.7

Action                   || total
-------------------------++-------
Melee: Hand axe          ||    81
       Headbutt          ||     2
Invok: Berserk           ||     1
Armor: Scale mail        ||    36
       Animal skin       ||     1
Dodge: Dodged            ||    45

Table legend: (Time is in decaauts)
 A = Elapsed time spent in this place.
 B = Non-inter-level travel time spent in this place.
 C = Inter-level travel time spent in this place.
 D = Time resting spent in this place.
 E = Time spent auto-exploring this place.
 F = Levels seen in this place.
 G = Mean time per level.
                   A        B        C        D        E       F      G
               +--------+--------+--------+--------+--------+-----+--------+
         Total |   1350 |   1337 |     13 |    233 |    877 |   2 |  675.0 |
       Dungeon |   1350 |   1337 |     13 |    233 |    877 |   2 |  675.0 |
               +--------+--------+--------+--------+--------+-----+--------+

Top non-repeatable levels by time:
     D:1: 1047 daAuts
     D:2: 302 daAuts
